Cogmind - Beta 15 @@@ ROGUE MODE // 2025.05.25 @ 21:24:23 // Winter2022/Polymind Player: Figgis Result: Destroyed by YI-UF0 with YI-UF0's Doublenader Performance ------------- Evolutions (1) 500 Regions Visited (4) 800 Robots Destroyed (49) 245 Value Destroyed (1028) 1028 Prototype IDs (0) 0 Alien Tech Used (0) 0 Bonus (2590) 2590 TOTAL SCORE: 4593 Bonus ------- Polymind Skill 2490 Follower Combat Kills 100 Cogmind --------- Core Integrity 0/400 Matter 0/0 Energy 53/100 System Corruption 0% Temperature Cool (0) Movement Core (50) Location -9/Mines Parts ------- > --- POWER (1) -------- (None) > --- PROPULSION (2) --- (None) > --- UTILITY (2) ------ (None) > --- WEAPON (1) ------- (None) > --- INVENTORY (0) ---- (None) Peak State ------------ > --- POWER ------------ Light Angular Momentum Engine > --- PROPULSION ------- Carbon-fiber Leg Carbon-fiber Leg > --- UTILITY ---------- Improved Heat Sink Improved Heat Sink > --- WEAPON ----------- Beamcaster > --- INVENTORY -------- (None) [Rating: 22] Favorites ----------- Power Light Nuclear Core Engine Light Angular Momentum Engine Power Core Light Nuclear Core Propulsion Aluminum Leg Treads Light Treads Leg Aluminum Leg Utility Improved Heat Sink Device Improved Heat Sink Protection Light Armor Plating Weapon Particle Gun Energy Gun Particle Gun Ballistic Gun Heavy Assault Rifle Build | -11 -10 -10 -9 -9 ------- Run | Yrd Mat Min Mat Min Slots Evolved . | . . . . . Power . | . . . . . Propulsion . | . . . . . Utility . | . . . . . Weapon . | . . . . . Parts Attached . | . . . . . Power . | . . . . . Engine . | . . . . . Core . | . . . . . Reactor . | . . . . . Propulsion . | . . . . . Treads . | . . . . . Leg . | . . . . . Wheel . | . . . . . Hover . | . . . . . Flight . | . . . . . Utility . | . . . . . Device . | . . . . . Storage . | . . . . . Processor . | . . . . . Hackware . | . . . . . Protection . | . . . . . Artifact . | . . . . . Weapon . | . . . . . Energy Gun . | . . . . . Energy Cannon . | . . . . . Ballistic Gun . | . . . . . Ballistic Cannon . | . . . . . Launcher . | . . . . . Special Weapon . | . . . . . Impact Weapon . | . . . . . Slashing Weapon . | . . . . . Piercing Weapon . | . . . . . Special Melee Weapon . | . . . . . Unidentified Prototypes . | . . . . . Parts Lost 4 | . 1 . 1 2 Power 3 | . 1 . 1 1 Propulsion . | . . . . . Utility . | . . . . . Weapon 1 | . . . . 1 Highest Loss Streak 2 | . 1 . 1 2 To Critical Strikes . | . . . . . Average Backups . | . . . . . Power . | . . . . . Propulsion . | . . . . . Utility . | . . . . . Weapon . | . . . . . Tool/Special . | . . . . . Unused Backups . | . . . . . Power . | . . . . . Propulsion . | . . . . . Utility . | . . . . . Weapon . | . . . . . Tool/Special . | . . . . . Average Slot Usage (%) 89 | . 93 80 85 91 Engine 2 | . . . 2 7 Core 6 | . 16 . . . Treads 6 | . . . 15 12 Leg 27 | . 38 40 14 16 Device 22 | . 19 20 22 28 Protection 3 | . . . 7 5 Energy Gun 16 | . 19 20 14 13 Ballistic Gun 3 | . . . 7 5 Peak Build Rating 22 | . 10 7 11 22 Average Rating 10 | . 9 7 8 15 On Entrance 4 | . . 7 7 9 Naked Turns 54 | . 33 . 4 17 Heaviest Build 18 | . 9 4 18 16 Greatest Support 40 | 3 20 20 40 40 Greatest Overweight (x) . | . . . . . Average Overweight (x) . | . . . . . Largest Inventory Capacity 1 | . 1 1 1 1 Average Capacity . | . . 1 . . Most Carried . | . . . . . Average Carried . | . . . . . Final Capacity 1 | . 1 1 1 . Final Carried . | . . . . . Class Distribution -------------------- 71% | Grunt 26% | Sentry Dominant Class ---------------- Grunt | -10/Materials Grunt | -10/Mines Sentry | -9/Materials Grunt | -9/Mines Resources | -11 -10 -10 -9 -9 ----------- Run | Yrd Mat Min Mat Min Matter Collected 103 | . . . 94 9 Remotely . | . . . . . Salvage Created 1847 | . 775 . 612 460 Parts 94 | . 43 . 32 19 Haulers Intercepted 2 | . 1 . 1 . Recyclers Shooed 7 | . 7 . . . Parts Field Recycled . | . . . . . Retrieved Matter . | . . . . . Parts Self-Destructed . | . . . . . Prevented . | . . . . . Kills | -11 -10 -10 -9 -9 ------- Run | Yrd Mat Min Mat Min Combat Hostiles Destroyed 29 | . 7 . 13 9 Guns 29 | . 7 . 13 9 Classes Destroyed 10 | . 6 . 3 1 Worker 3 | . 3 . . . Builder 6 | . 4 . 2 . Hauler 2 | . 1 . 1 . Recycler 3 | . 3 . . . Operator 1 | . . . 1 . Watcher 4 | . 3 . 1 . Swarmer 8 | . . . 6 2 Grunt 18 | . 7 . 4 7 Protector 1 | . . . . 1 Sentry 3 | . . . 3 . Best Kill Streak 8 | . 3 . 8 5 Combat Bots Only 5 | . 2 . 4 5 Max Kills in Single Turn 2 | . 1 . 2 1 Gunslinging 1 | . . . 1 . Exploded . | . . . . . Melee . | . . . . . Uniques/NPCs Destroyed . | . . . . . Combat | -11 -10 -10 -9 -9 -------- Run | Yrd Mat Min Mat Min Hostile Shots Fired 150 | . 26 . 69 55 Missed 27 | . 6 . 6 15 Hits 123 | . 20 . 63 40 Projectile 123 | . 20 . 63 40 AOE 18 | . . . . 18 Critical Strikes 3 | . . . 3 . Damage Taken 1789 | . 242 . 712 835 Core 475 | . 68 . 125 282 Absorbed by Shields . | . . . . . Ignored by Resistances 17 | . . . 17 . Core Remaining (%) 86 | 100 . 72 . . Volleys Fired 195 | . 113 . 38 44 Largest 2 | . 1 . 2 2 Hottest 79 | . 65 . 79 79 Shots Fired 229 | . 113 . 69 47 Gun 229 | . 113 . 69 47 Cannon . | . . . . . Launcher . | . . . . . Special . | . . . . . Kinetic 34 | . . . 31 3 Thermal 195 | . 113 . 38 44 Explosive . | . . . . . Electromagnetic . | . . . . . Robot Hit Streak 11 | . 7 . 10 11 Robot Miss Streak 9 | . 6 . 5 9 Penetration Max . | . . . . . Secondary Targets 4 | . . . 4 . Max Gunslinging Chain 1 | . . . 1 . Shots Hit Robots 136 | . 70 . 40 26 Core Hits 69 | . 29 . 24 16 Critical Kills . | . . . . . Critical Parts Destroyed . | . . . . . Critical Strikes 6 | . 2 . 3 1 Burn 6 | . 2 . 3 1 Melee Attacks . | . . . . . Impact . | . . . . . Slashing . | . . . . . Piercing . | . . . . . Sneak Attacks . | . . . . . Combat Hostiles . | . . . . . Follow-up Attacks . | . . . . . Damage Inflicted 2337 | . 1086 . 626 625 Guns 2317 | . 1086 . 626 605 Cannons . | . . . . . Explosions . | . . . . . Melee . | . . . . . Ramming 20 | . . . . 20 Kinetic 352 | . . . 308 44 Thermal 1965 | . 1086 . 318 561 Explosive . | . . . . . Electromagnetic . | . . . . . Impact . | . . . . . Slashing . | . . . . . Piercing . | . . . . . Highest Corruption 6 | . 6 6 . . Average Corruption 5 | . 5 6 . . Corruption Purged . | . . . . . Corruption Blocked . | . . . . . Effects 6 | . 1 5 . . Message Errors 2 | . . 2 . . Heat Flow Errors 1 | . 1 . . . Data Loss (minor) 3 | . . 3 . . Overload Shots . | . . . . . Overflow Damage . | . . . . . Projectiles . | . . . . . Explosions . | . . . . . Melee . | . . . . . Knockbacks . | . . . . . Impact . | . . . . . Kinetic . | . . . . . Secondary . | . . . . . Self-Inflicted Damage 5 | . . . . 5 Shots . | . . . . . Rammed 3 | . . . . 3 Targets Rammed 4 | . . . . 4 Kicked 1 | . . . . 1 Crushed . | . . . . . Highest Temperature 104 | . 104 . 66 5 Average Temperature 17 | . 19 . 19 2 Received Heat Transfer 435 | . 141 . 234 60 Siege Activations . | . . . . . Martial Activations . | . . . . . Shielding Activations . | . . . . . Robots Disrupted . | . . . . . Combat Hostiles . | . . . . . Robots Corrupted . | . . . . . Combat Hostiles . | . . . . . Parts Fried . | . . . . . Impact Corruptions . | . . . . . Robots Melted . | . . . . . Combat Hostiles . | . . . . . Parts Melted 6 | . 2 . 2 2 Heat Transferred 4751 | . 2775 . 999 977 Parts Sabotaged . | . . . . . Parts Stolen . | . . . . . Parts Stripped . | . . . . . Power Chain Reactions . | . . . . . Alert | -11 -10 -10 -9 -9 ------- Run | Yrd Mat Min Mat Min Maximum Alert Level . | . . . . . Low Security (%) 100 | 100 100 100 100 100 Level 1 . | . . . . . Level 2 . | . . . . . Level 3 . | . . . . . Level 4 . | . . . . . Level 5 . | . . . . . High Security . | . . . . . Max Security . | . . . . . Peak Influence 196 | . 52 6 196 168 Initial 60 | . . 6 . 60 Average 36 | . 12 . 63 69 Influence Increases 949 | . 269 . 355 325 Destroy 0b10 Robot/C 640 | . 140 . 260 240 Destroy 0b10 Robot/NC 100 | . 70 . 25 5 Destroy Leader 132 | . 38 . 54 40 Allied During Kill 25 | . . . . 25 Successful Hack 18 | . 18 . . . Disable Machine 15 | . . . . 15 Destroy Structure 4 | . 3 . 1 . Lose Combat Pursuer 15 | . . . 15 . Influence Decreases 877 | . 252 17 199 409 Entered New Map 107 | . . 11 . 96 Time Decay 664 | . 242 6 189 227 Lost Part 40 | . 10 . 10 20 Lost Ally 60 | . . . . 60 Miscellaneous 6 | . . . . 6 Squads Dispatched 4 | . 1 . 1 2 Investigation 1 | . . . . 1 Extermination . | . . . . . Reinforcement 2 | . 1 . 1 . Assault 1 | . . . . 1 Garrison . | . . . . . Intercept . | . . . . . Searches Triggered . | . . . . . Construction Impeded . | . . . . . Haulers Reinforced . | . . . . . Active Scanning Responses . | . . . . . Cargo Convoy Interrupts . | . . . . . Stealth | -11 -10 -10 -9 -9 --------- Run | Yrd Mat Min Mat Min Distress Signals 3 | . . . 2 1 Communications Jammed . | . . . . . Distress Signals . | . . . . . Times Spotted 61 | . 24 . 23 14 Peak Tracking Total 7 | . 3 . 7 5 Tactical Retreats 1 | . . . 1 . Traps | -11 -10 -10 -9 -9 ------- Run | Yrd Mat Min Mat Min Traps Triggered 5 | . 4 . 1 . Indirectly . | . . . . . Trap Hack Attempts . | . . . . . Triggered . | . . . . . Disarmed . | . . . . . Reprogrammed . | . . . . . Reused . | . . . . . Traps Extracted . | . . . . . Installed . | . . . . . Triggered . | . . . . . Machines | -11 -10 -10 -9 -9 ---------- Run | Yrd Mat Min Mat Min Machines Disabled 2 | . 1 . . 1 Max in Single Turn 1 | . 1 . . 1 Machines Repaired . | . . . . . Machines Dismantled . | . . . . . Machines Sabotaged . | . . . . . Overloaded Fab Kills . | . . . . . Hacking | -11 -10 -10 -9 -9 --------- Run | Yrd Mat Min Mat Min Machines Accessed 7 | . 4 . 2 1 Terminals 6 | . 4 . 2 . Fabricators . | . . . . . Repair Stations . | . . . . . Recycling Units . | . . . . . Scanalyzers . | . . . . . Garrison Access . | . . . . . Total Hacks 20 | . 14 . 5 1 Successful 4 | . 3 . . 1 Failed 16 | . 11 . 5 . Catastrophic 2 | . 1 . 1 . Database Lockouts . | . . . . . Manual 17 | . 13 . 4 . Terminals 19 | . 14 . 5 . Fabricators . | . . . . . Repair Stations . | . . . . . Recycling Units . | . . . . . Scanalyzers . | . . . . . Garrison Access . | . . . . . Terminal Hacks 4 | . 3 . . 1 Robot Analysis 3 | . 3 . . . Open Door 1 | . . . . 1 Fabricator Hacks . | . . . . . Repair Station Hacks . | . . . . . Recycling Unit Hacks . | . . . . . Scanalyzer . | . . . . . Garrison Access Hacks . | . . . . . Unauthorized Hacks . | . . . . . Terminals . | . . . . . Fabricators . | . . . . . Repair Stations . | . . . . . Recycling Units . | . . . . . Scanalyzers . | . . . . . Garrison Access . | . . . . . Data Cores Recovered 1 | . . . 1 . Used . | . . . . . Hacking Detections 7 | . 4 . 3 . Full Trace Events . | . . . . . Feedback Events . | . . . . . Feedback Blocked . | . . . . . Robot Schematics Acquired . | . . . . . Robots Built . | . . . . . Authchips . | . . . . . Time . | . . . . . Total Robot Build Rating . | . . . . . Part Schematics Acquired . | . . . . . Parts Built . | . . . . . Authchips . | . . . . . Time . | . . . . . Total Part Build Rating . | . . . . . Parts Repaired . | . . . . . Time . | . . . . . Parts Recycled . | . . . . . Recycled Matter . | . . . . . Retrieved Matter . | . . . . . Retrieved Components . | . . . . . Parts Scanalyzed . | . . . . . Part Schematics Acquired . | . . . . . Parts Damaged . | . . . . . Bothacking | -11 -10 -10 -9 -9 ------------ Run | Yrd Mat Min Mat Min Used RIF Installer . | . . . . . Robots Hacked 2 | . 1 . 1 . Non-combat . | . . . . . Combat 2 | . 1 . 1 . Robot Hacks Applied 2 | . 1 . 1 . find_shortcuts 2 | . 1 . 1 . Relay Couplers Released . | . . . . . Fabnet Peak Effective % . | . . . . . Robots Rewired . | . . . . . Allies Hacked . | . . . . . Hacks Repelled . | . . . . . Allies | -11 -10 -10 -9 -9 -------- Run | Yrd Mat Min Mat Min Total Allies 5 | . . . . 5 Largest Group 3 | . . . . 3 Highest-Rated Group 55 | . . . . 55 Highest-Rated Ally 31 | . . . . 31 Total Orders . | . . . . . Ally Attacks 25 | . . . . 25 Total Damage 185 | . . . . 185 Kills 4 | . . . . 4 Allies Corrupted . | . . . . . Allies Melted . | . . . . . Intel | -11 -10 -10 -9 -9 ------- Run | Yrd Mat Min Mat Min Active Infowar (turns) . | . . . . . Robot Analysis Total 6 | . 4 . 1 1 Derelict Logs Recovered 3 | . . 1 . 2 Drone Launches . | . . . . . Drone Recoveries . | . . . . . Exploration | -11 -10 -10 -9 -9 ------------- Run | Yrd Mat Min Mat Min Turns Passed 2378 | 10 1000 242 557 569 Spaces Moved 1376 | 20 510 202 320 324 Core 88 | 20 39 . 6 23 Treads 318 | . . . 155 163 Legs 970 | . 471 202 159 138 Wheels . | . . . . . Hover . | . . . . . Flight . | . . . . . Fastest Speed 50 | 50 50 120 50 50 Average Speed 124 | 50 114 120 138 135 Slowest Speed 160 | 50 120 120 160 160 Overloaded Moves . | . . . . . Propulsion Burnouts . | . . . . . Robots Hopped . | . . . . . Potential Cave-ins . | . . . . . Cave-ins Triggered . | . . . . . Exploration Rate (%) 48 | 3 86 55 41 57 Regions Visited 4 Branch Regions 2 Pre-discovered Areas . | . . . . . Known Exits Taken . | . . . . . Unknown Exits Taken 4 | 1 1 1 1 . Scrap Searched 2 | . . 1 . 1 Spaces Dug . | . . . . . Terrain Destroyed . | . . . . . Melee . | . . . . . Projectile . | . . . . . AOE . | . . . . . Terrain Rammed . | . . . . . Walls Destroyed . | . . . . . Machines Disabled . | . . . . . Actions | -11 -10 -10 -9 -9 --------- Run | Yrd Mat Min Mat Min Total 1805 | 19 812 201 366 407 Wait 232 | . 190 . 8 34 Move 1372 | 19 509 201 319 324 Hop . | . . . . . Pick Up . | . . . . . Fast Attach . | . . . . . Attach . | . . . . . Detach . | . . . . . Swap . | . . . . . Drop . | . . . . . Fire 195 | . 113 . 38 44 Melee . | . . . . . Ram 3 | . . . . 3 Kick 1 | . . . . 1 Crush . | . . . . . Escape Stasis . | . . . . . Rewire 2 | . . . 1 1 Trap . | . . . . . Miscellaneous . | . . . . . Route ------- -11/Scrapyard -10/Materials (discovered 4 exits: *Mat x3 / [*Min]) -10/Mines -9/Materials -9/Mines (discovered 2 exits: [*Mat] / [*Zio]) History --------- Turn | Location | Event 4 | -11/Scrapyard | Discovered new exit (range 13) 11 | -11/Scrapyard | Entered Materials 286 | -10/Materials | Discovered new exit (range 15) 403 | -10/Materials | Discovered new exit (range 11) 511 | -10/Materials | Derelicts attacked the area 626 | -10/Materials | Discovered new exit (range 10) 929 | -10/Materials | Discovered new exit (range 16) 1011 | -10/Materials | Entered Mines 1135 | -10/Mines | Discovered new exit (range 11) 1157 | -10/Mines | Learned Materials interactive machine intel 1253 | -10/Mines | Entered Materials 1254 | -9/Materials | Loaded intel: 18 interactive machine locations 1786 | -9/Materials | Discovered new exit (range 16) 1810 | -9/Materials | Entered Mines 1817 | -9/Mines | Assisted by bots powering up and referring to "LRC-V3" 1836 | -9/Mines | Learned 4 Materials zone layouts 1930 | -9/Mines | Learned Materials non-interactive machine intel 1970 | -9/Mines | Found a hidden stash of uninstalled traps 2044 | -9/Mines | Met a Derelict testing a Signal Generator 2248 | -9/Mines | Discovered new exit (range 15) 2303 | -9/Mines | A Derelict revealed a hidden shortcut to a safe place 2327 | -9/Mines | Met a Derelict shopkeep closing up shop 2362 | -9/Mines | Core integrity fell below 50% 2376 | -9/Mines | Core integrity fell below 20% 2379 | -9/Mines | Destroyed by YI-UF0 with YI-UF0's Doublenader Last Messages --------------- 02349_ SHOP.Sys disabled. 02353_ NO-AFS(g) destroyed. 02355_ G-34 Mercenary destroyed. 02361_ The unstable cave ceiling collapses. 02363_ Lgt. Angular Momentum Engine destroyed. 02365_ Beamcaster destroyed. 02366_ YI-UF0 mumbles something. 02367_ Released control of 5R-816(g). 02368_ The unstable cave ceiling collapses. 02369_ 5R-816(g) reactivates. 02371_ The unstable cave ceiling collapses. 02371_ U-05 Engineer builds a Wall. 02372_ Slammed into YI-UF0. 02374_ The unstable cave ceiling collapses. 02374_ Slammed into YI-UF0. 02375_ Machine disabled. 02375_ U-05 Engineer lays Concrete. 02377_ 5R-816(g) destroyed. 02377_ Acquired 7 Protomatter. 02377_ U-05 Engineer lays Concrete. Map ----- +----------------------------------------------------+ | ???????????????????????????????????????? | | ???????????????????????????????????????? | | ??????????????????????????? ???????????? | | ??????????????????????????? #??????????? | | ?????????????????????????## #??????????? | | ???????????????????????## ####???????? | | ???????????????????????# ???????? | | ??????????????????????? ????????? | | ??????????????????????## ????????? | | ??????????????????????## #????????? | | ?????????????????????## ##???????? | | ?????????????????????# #?????#?? | | ?????????????????????# #???? #?? | | ?????????????????????# #??? #?? | | ?????????????????????## #?? #?? | | ????????????????????## #?# #??? | | ????????????????????# ## #??? | | ??????????????????### ## #???? | | ??????????????????#"!# g # #????? | | ??????????????????#"[ [ #????? | | ?????????????????## ] #????? | | ?????????????????# = #????? | | ?????????????????##"[ [ ##????? | | ??????????????????#"! ####?????? | | ??????????????????### #????????? | | ????????????????????## @ #????????? | | ????????????????????# #????????? | | ???????????????????# #????????? | | ???????????????????# ???????? | | ???????????????????# #######? | | ???????????????????# # ## #? | | ???????????????????## # ## #? | | ???????????????????# ### < #? | | ???????????????????### #?# #? | | ?????????????????????# ####?# #? | | ???? ????????????????# ##?# #? | | ?? ???????????????## #?### ##?? | | # #????#####??????## #???#=#??? | | # #??## ##??????## >##???#%#??? | | ? ### #???????## ###????#*#??? | | ?? = #????????# #??????#%#??? | | ??? *%== ?????????# #??????#=#??? | | ????# [ % #######???# ######## #??? | | ????# [% = ## ##### #??? | | ##### * !%! ##########%#??? | | # * #???????# #??? | | #???????#[#??? | | ??????# ##??????#=#??? | | ???????# % ##?????#=#??? | | ???##### #?????#!#??? | +----------------------------------------------------+ Best States ------------- Heat Dissipation 48 Energy Generation 23 Energy Capacity 215 Matter Stores 100 Matter Capacity 100 Sight Range 16 Terrain Scan Density 10 Armor Coverage 150 Resistance: EX 50 Resistance: I 25 Evasion (%) 55 Recoil Reduction 2 Item Schematics ----------------- None Robot Schematics ------------------ None Fabricated ------------ Nothing Repaired ---------- Nothing Alien Tech Used ----------------- None Achievements -------------- None Challenges ------------ None Polymind | -11 -10 -10 -9 -9 ---------- Run | Yrd Mat Min Mat Min Hosts 4 | . 1 . 1 2 Combat Hostiles 2 | . 1 . 1 . Allies 2 | . . . . 2 Unique Host Classes 2 | . 1 . 1 . Average Host Suspicion 88 | . 99 40 91 85 Unsuspicious Activity 55 | . . . 11 44 Returns to Shadow . | . . . . . Fuzzy Dispatches . | . . . . . Protomatter Created 90 | . 18 . 33 39 Used 81 | . 30 . 23 28 Decayed . | . . . . . Highest Spend 30 | . 30 . 23 14 Top 5 Hosts by Kills: Y-45 Defender (-9/Materials: 12) NO-AFS(g) (-9/Mines: 9) G-47 Trooper (-10/Materials: 8) Game ------ Seed HeartConceptBoregun Manual? 0 Play Time 00:17:28 Cumulative 150.8 hours Start 2025.05.25 @ 21:08:05 End 2025.05.25 @ 21:24:23 Sessions 1 Manual Loads 0 Difficulty Rogue Special Mode Winter2022/Polymind Game No. 220 Rogue 217 Adventurer 3 Explorer 0 Win Type - Total 1 Types 1/0/0/0/0/0/0/0/0/0 Lore% 35 Gallery% 55 Achievement% 44 Wizard Run 0 Options --------- Layout 0 ASCII 0 Keyboard 0 Movement Mouse Keybinds 0 Fullscreen 2 Font 18/SmallcapsGlow Map View 76x50 Zoom Use 0% Tactical HUD 1 Map Filters NONE Filters NONE Steam 1 RUN: f38aa5b0-d3ad-4da9-9fcc-4dfd18d5ed5a